 Dungeon Crawl Stone Soup version 0.29-a0-334-gb41bcbb86e (webtiles) character file.

Game seed: 8570922879750851435

16431 spaghetti the Fighter (level 12, -31/99 HPs)
             Began as a Djinni Venom Mage on Apr 14, 2022.
             Was a High Priest of Cheibriados.
             Annihilated by a white ugly thing (32 damage)
             ... on level 12 of the Dungeon.
             The game lasted 00:33:33 (19462 turns).

spaghetti the Fighter (Djinni Venom Mage)          Turns: 19462, Time: 00:33:33

Health: -31/99     AC: 10    Str: 17    XL:     12   Next: 70%
Gold:   828        EV: 13    Int: 32    God:    Cheibriados [*****.] SH:  0 Dex: 28

rFire   + + .      SeeInvis .   J - +4 rapier (distort) {!wshort}
rCold   . . .      Faith    .   (no shield)
rNeg    . . .      Spirit   .   N - +0 acid dragon scales
rPois   ∞          Reflect  .   (no helmet)
rElec   .          Harm     .   I - +1 cloak
rCorr   +          Rampage  .   (no gloves)
Will    ++...                   (boots unavailable)
Stlth   ++........              (no amulet)
HPRegen 0.26/turn               b - ring of willpower
MPRegen 0.00/turn               v - ring of protection from cold

@: flying, very slow
A: sickness immunity, fire resistance 2, cold vulnerability 1, float, innate
caster, HP casting, extra vitality 1, claws 1, iridescent scales 1, weak 1,
MP-powered wands
a: Renounce Religion, Bend Time, Temporal Distortion, Slouch, Step From Time


You were on level 12 of the Dungeon.
You worshipped Cheibriados.
Cheibriados was extremely pleased with you.
You visited 1 branch of the dungeon, and saw 12 of its levels.

You collected 828 gold pieces.


Innate Abilities, Weirdness & Mutations

You are immune to sickness and miasma.
You are immune to poison.
Your flesh is very heat resistant. (rF++)
You are vulnerable to cold. (rC-)
You float through the air rather than walking.
You learn spells naturally, not from books.
Your magical power is your life essence.
You have superior vitality. (+4 MHP)
You have sharp fingernails.
You are partially covered in iridescent scales. (AC +2)
You are weak. (Str -2)
You expend health (3 HP) to strengthen your wands.


   Skills:
 + Level 13.9 Fighting
 - Level 2.1 Dodging
 - Level 1.5 Stealth
 + Level 11.2 Spellcasting


You had 10 spell levels left.
You knew the following spells:

 Your Spells              Type           Power      Damage    Failure   Level
a - Sting                 Tmut/Pois      100%       1d8       1%          1
b - Poisonous Vapours     Pois/Air       100%       N/A       1%          2
c - Mephitic Cloud        Conj/Pois/Air  74%        N/A       1%          3
d - Olgreb's Toxic Radia  Pois           74%        N/A       1%          4
e - Shock                 Conj/Air       100%       1d9       1%          1
f - Blink                 Tloc           100%       N/A       1%          2
g - Ensorcelled Hibernat  Hex/Ice        100%       N/A       1%          2
h - Gell's Gravitas       Tloc           74%        N/A       1%          3
i - Iskenderun's Battles  Conj           74%        2d12      1%          5
Your spell library was empty.

Inventory:

Hand Weapons
 e - a +0 short sword {short}
   (You found it on level 1 of the Dungeon)
 f - a +0 club {mace}
   (You took it off a goblin on level 1 of the Dungeon)
 h - a +0 short sword {short}
   (You took it off a kobold on level 1 of the Dungeon)
 l - a +0 short sword {short}
   (You took it off a kobold on level 1 of the Dungeon)
 n - a +0 short sword {short}
   (You took it off a kobold on level 1 of the Dungeon)
 o - a +2 whip of flaming {mace}
   (You took it off a kobold on level 1 of the Dungeon)
 J - a +4 rapier of distortion (weapon) {!wshort}
   (You took it off Duvessa on level 6 of the Dungeon)
Missiles
 d - 353 stones {throwing}
 m - 22 poisoned darts {throwing}
 w - 10 boomerangs {throwing}
 B - 3 boomerangs of dispersal {=f!fthrowing}
Armour
 a - a +0 robe
 y - +0 steam dragon scales
   (You found it on level 8 of the Dungeon)
 I - a +1 cloak (worn)
   (You took it off Crazy Yiuf on level 5 of the Dungeon)
 N - +0 acid dragon scales (worn)
   (You found it on level 10 of the Dungeon)
Magical Staves
 s - a staff of air {!astaff}
   (You found it on level 2 of the Dungeon)
Jewellery
 b - a ring of willpower (left claw)
   (You found it on level 1 of the Dungeon)
 c - a ring of flight
   (You found it on level 1 of the Dungeon)
 r - an amulet of magic regeneration {@e2}
   (You found it on level 2 of the Dungeon)
 v - a ring of protection from cold (right claw)
   (You found it on level 7 of the Dungeon)
 F - an amulet of guardian spirit
   (You found it on level 4 of the Dungeon)
 H - a ring of ice
   (You found it on level 5 of the Dungeon)
Wands
 i - a wand of iceblast (11)
   (You took it off Maurice on level 8 of the Dungeon)
 p - a wand of polymorph (11)
   (You took it off Duvessa on level 6 of the Dungeon)
 z - a wand of flame (15)
   (You found it on level 8 of the Dungeon)
 E - a wand of paralysis (10)
   (You found it on level 4 of the Dungeon)
 P - a wand of acid (5)
   (You found it on level 11 of the Dungeon)
Scrolls
 g - a scroll of magic mapping {!r}
 k - a scroll of silence {!r}
 q - 2 scrolls of enchant armour
 x - 6 scrolls of identify {@r1}
 A - a scroll of noise {!r}
 G - a scroll of immolation {!r!r}
 L - 2 scrolls of amnesia
Potions
 j - 2 potions of degeneration {!q@e2}
 t - 3 potions of flight
 u - 3 potions of curing {@q1}
 C - 4 potions of haste {forbidden@q3}
 D - 2 potions of attraction {!q}
 M - a potion of mutation {!q}
Miscellaneous
 K - a box of beasts (inert)
   (You found it on level 9 of the Dungeon)

Dungeon Overview and Level Annotations

Branches:
Dungeon (12/15)            Temple (0/1) D:5             Orc (0/2) D:9
   Lair: D:8-11

Altars:
Ashenzari
Cheibriados
Elyvilon
Gozag
Hepliaklqana
Qazlal
Trog
Uskayaw
Xom
Yredelemnul

Shops:
D:7 *[

Annotations:
D:11 exclusion: electric eel

#### . ...#######
..########..*......
...................
#.............# #
##.#....u...#.##
###.##.#.####@.....#
........<# #.###.##
...##..#####.### #
.........)......#
#####.#.#########
...... #######


You could see a white ugly thing (extremely poisoned, ally target) and a
friendly battlesphere.


Message History

The sting hits the white ugly thing.
The white ugly thing looks as sick as possible!
The white ugly thing kicks you. The white ugly thing freezes you!!
* * * LOW HITPOINT WARNING * * *
😨 HP[-21]
You take 21 damage, and now have 38/99 hp.
MASSIVE DAMAGE!! (PAUSE)
Casting: Sting (safe; 1% risk of failure)
Confirm with . or Enter, or press ? or * to list all spells.
You blink.
* * * LOW HITPOINT WARNING * * *
😨 HP[-2]
You take 2 damage, and now have 36/99 hp.
Unknown command.
Unknown command.
Casting: Blink (safe; 1% risk of failure)
Confirm with . or Enter, or press ? or * to list all spells.
Aiming: Sting (safe; 1% risk of failure)
Press: ? - help, Shift-Dir - straight line, f/p - white ugly thing
Aim: a white ugly thing (heavily wounded, extremely poisoned, 78% to hit)
The sting hits the white ugly thing.
The white ugly thing looks as sick as possible!
* * * LOW HITPOINT WARNING * * *
The white ugly thing kicks your battlesphere!
The white ugly thing freezes your battlesphere.
Your battlesphere resists.
Casting: Sting (safe; 1% risk of failure)
Confirm with . or Enter, or press ? or * to list all spells.
Aiming: Sting (safe; 1% risk of failure)
Press: ? - help, Shift-Dir - straight line, f/p - white ugly thing
Aim: a white ugly thing (severely wounded, extremely poisoned, ally target, 78% to hit)
The sting hits the white ugly thing but does no damage.
The white ugly thing looks as sick as possible!
* * * LOW HITPOINT WARNING * * *
😨 HP[-1]
You take 1 damage, and now have 35/99 hp.
Casting: Sting (safe; 1% risk of failure)
Confirm with . or Enter, or press ? or * to list all spells.
Aiming: Sting (safe; 1% risk of failure)
Press: ? - help, Shift-Dir - straight line, f/p - white ugly thing
Aim: a white ugly thing (severely wounded, extremely poisoned, ally target, 78% to hit)
The sting hits the white ugly thing.
The white ugly thing looks as sick as possible!
* * * LOW HITPOINT WARNING * * *
The white ugly thing closely misses you. 😨 HP[-1]
You take 1 damage, and now have 34/99 hp.
Casting: Sting (safe; 1% risk of failure)
Confirm with . or Enter, or press ? or * to list all spells.
You blink.
* * * LOW HITPOINT WARNING * * *
😨 HP[-2]
You take 2 damage, and now have 32/99 hp.
Unknown command.
Unknown command.
Casting: Blink (safe; 1% risk of failure)
Confirm with . or Enter, or press ? or * to list all spells.
Aiming: Sting (safe; 1% risk of failure)
Press: ? - help, Shift-Dir - straight line, f/p - white ugly thing
Aim: a white ugly thing (severely wounded, extremely poisoned, ally target, 78% to hit)
The sting hits the white ugly thing but does no damage.
The white ugly thing looks as sick as possible!
* * * LOW HITPOINT WARNING * * *
The white ugly thing barely misses you.
Casting: Sting (safe; 1% risk of failure)
Confirm with . or Enter, or press ? or * to list all spells.
Aiming: Sting (safe; 1% risk of failure)
Press: ? - help, Shift-Dir - straight line, f/p - white ugly thing
Aim: a white ugly thing (severely wounded, extremely poisoned, ally target, 78% to hit)
The sting hits the white ugly thing!
The white ugly thing looks as sick as possible!
* * * LOW HITPOINT WARNING * * *
The white ugly thing closely misses you. 😨 HP[-1]
You take 1 damage, and now have 31/99 hp.
Casting: Sting (safe; 1% risk of failure)
Confirm with . or Enter, or press ? or * to list all spells.
Aiming: Sting (safe; 1% risk of failure)
Press: ? - help, Shift-Dir - straight line, f/p - white ugly thing
Aim: a white ugly thing (almost dead, extremely poisoned, ally target, 78% to hit)
The sting misses the white ugly thing.
* * * LOW HITPOINT WARNING * * *
The white ugly thing kicks you.
* * * LOW HITPOINT WARNING * * *
The white ugly thing freezes you!
* * * LOW HITPOINT WARNING * * *
😱 HP[-19]
You take 19 damage, and now have 12/99 hp.
Casting: Sting (safe; 1% risk of failure)
Confirm with . or Enter, or press ? or * to list all spells.
Aiming: Sting (safe; 1% risk of failure)
Press: ? - help, Shift-Dir - straight line, f/p - white ugly thing
Aim: a white ugly thing (almost dead, extremely poisoned, ally target, 78% to hit)
The sting hits the white ugly thing but does no damage.
The white ugly thing looks as sick as possible!
* * * LOW HITPOINT WARNING * * *
The white ugly thing kicks you!
* * * LOW HITPOINT WARNING * * *
The white ugly thing freezes you!!
You die...

Skill      XL: |  1  2  3  4  5  6  7  8  9 10 11 12 |
---------------+-------------------------------------+-----
Fighting       | 1 2 3 4 5 7 9 11 12 13 | 13.9
Spellcasting   | 3 4 5 6 7 9 10 11 | 11.2
Dodging        | |  2.1
Stealth        | |  1.5

Action                   |  1- 3 |  4- 6 |  7- 9 | 10-12 || total
-------------------------+-------+-------+-------+-------++-------
Melee: Whip              |       |    21 |    10 |       ||    31
       Rapier            |       |       |    23 |    34 ||    57
       Punch             |       |       |       |     1 ||     1
Throw: Stone             |       |     2 |     3 |       ||     5
 Cast: Sting             |    21 |    91 |   129 |   117 ||   358
       Poisonous Vapours |    35 |   153 |   106 |    78 ||   372
       Blink             |       |     1 |     3 |    10 ||    14
       Shock             |       |       |    46 |    19 ||    65
       Olgreb's Toxic Ra |       |       |     8 |    20 ||    28
       Mephitic Cloud    |       |       |     4 |    12 ||    16
       Gell's Gravitas   |       |       |       |     3 ||     3
       Iskenderun's Batt |       |       |       |    10 ||    10
Evoke: Wand              |       |     3 |       |     5 ||     8
       Box of beasts     |       |       |       |     1 ||     1
  Use: Potion            |     1 |     4 |     2 |     7 ||    14
       Scroll            |       |       |    13 |     7 ||    20
 Stab: Paralysed         |       |       |       |     2 ||     2
       Confused          |       |       |       |     2 ||     2
Armor: Robe              |     5 |    11 |    20 |     8 ||    44
       Skin              |       |    29 |       |       ||    29
       Steam dragon scal |       |       |       |    17 ||    17
       Acid dragon scale |       |       |       |    10 ||    10
Dodge: Dodged            |    19 |    46 |    88 |    71 ||   224

Levels and vault maps discovered:
D:1:      shiori_shiawase, layout_basic, minmay_cut_off
D:2:      wad_river_or_something, layout_basic, serial_park_tiny_2,
          minmay_vboxes
D:3:      layout_loops_cross, beargit_hepliaklqana_dungeon_heroes,
          nicolae_ecumenical_oubliette, minmay_circle_x
D:4:      layout_cave_pools, overflow_temple_1_default, minmay_mini_jars
D:5:      layout_basic, grunt_gozag_breadcrumbs, dancing_weapons_uskayaw,
          minmay_temple_entry_tees, uniq_crazy_yiuf_cottage
D:6:      layout_basic, kennysheep_mini_moat,
          mainiacjoe_overflow_six_doors_small, gup_ossuary_entry_pyramid,
          minivault_23, uniq_duvessa
D:7:      layout_basic, serial_shops, nicolae_shop_hallway_stairs, nrook_uturn,
          mrwooster_statue_mirror, grunt_decor_one_mirror,
          nicolae_shop_fire_sale [nicolae_sub_dead_trees]
D:8:      layout_basic, grunt_temple_overflow_open, serial_ice, serial_ice_o,
          serial_ice_g, serial_ice_l, serial_ice_m, serial_ice_b, serial_ice_a,
          uniq_maurice
D:9:      layout_basic, orc_0_dummy
D:10:     layout_rooms, uniq_lodul
D:11:     layout_basic, david_lair_generic, doesnt_xom_only_xom
D:12:     kennysheep_blocky_hall, layout_basic, uniq_azrael

Notes
Turn   | Place    | Note
-------+----------+-------------------------------------------
     0 | D:1      | spaghetti the Djinni Venom Mage began the quest for the
                  | Orb.
     0 | D:1      | Reached XP level 1. HP: 15/15 MP: 0/0
    61 | D:1      | magus.rc [v1.9.6]
   349 | D:1      | Reached XP level 2. HP: 20/21 MP: 0/0
  1120 | D:1      | Reached skill level 1 in Fighting
  1616 | D:1      | Reached XP level 3. HP: 20/27 MP: 0/0
  1616 | D:1      | Learned a level 1 spell: Shock
  1734 | D:2      | Reached skill level 3 in Spellcasting
  1741 | D:2      | HP: 4/27 [adder (2)]
  1746 | D:2      | Reached XP level 4. HP: 32/33 MP: 0/0
  1978 | D:2      | Reached skill level 2 in Fighting
  3195 | D:2      | Reached XP level 5. HP: 33/39 MP: 0/0
  3195 | D:2      | Learned a level 2 spell: Blink
  4126 | D:3      | Reached skill level 3 in Fighting
  5269 | D:3      | Found a faded altar of an unknown god.
  5282 | D:3      | Prayed at the altar of an unknown god.
  5282 | D:3      | Became a worshipper of Cheibriados the Contemplative
  5282 | D:3      | Reached * piety under Cheibriados
  5574 | D:3      | Found a faded altar of an unknown god.
  5575 | D:3      | Found a hazy altar of Hepliaklqana.
  5669 | D:4      | Reached XP level 6. HP: 26/46 MP: 0/0
  5679 | D:4      | HP: 8/46 [orc priest/divine providence (12)]
  5939 | D:4      | Reached skill level 4 in Spellcasting
  6642 | D:4      | Found a shimmering altar of Xom.
  6719 | D:4      | Reached skill level 4 in Fighting
  6854 | D:4      | Reached ** piety under Cheibriados
  6860 | D:4      | Reached XP level 7. HP: 33/53 MP: 0/0
  6860 | D:4      | Learned a level 2 spell: Ensorcelled Hibernation
  7548 | D:5      | Entered Level 5 of the Dungeon
  7613 | D:5      | Reached skill level 5 in Fighting
  7856 | D:5      | Noticed a +0 dagger
  7861 | D:5      | Reached skill level 5 in Spellcasting
  7862 | D:5      | Noticed a +0 hand axe
  8011 | D:5      | Found an opulent altar of Gozag.
  8200 | D:5      | Reached XP level 8. HP: 50/60 MP: 0/0
  8292 | D:5      | Found a staircase to the Ecumenical Temple.
  8491 | D:5      | Reached skill level 6 in Fighting
  8614 | D:5      | Found a hide-covered altar of Uskayaw.
  8684 | D:5      | Found a runed translucent door.
  8685 | D:5      | Noticed Crazy Yiuf
  8984 | D:5      | Killed Crazy Yiuf
  9113 | D:6      | HP: 15/62 [phantom (7)]
  9116 | D:6      | HP: 7/62 [phantom (7)]
  9386 | D:6      | Reached skill level 6 in Spellcasting
  9460 | D:6      | Found a stormy altar of Qazlal.
  9647 | D:6      | Noticed Duvessa
  9647 | D:6      | Noticed Dowan
  9658 | D:6      | Killed Dowan
  9658 | D:6      | Reached *** piety under Cheibriados
  9659 | D:6      | Reached skill level 7 in Fighting
  9661 | D:6      | Reached XP level 9. HP: 51/68 MP: 0/0
  9661 | D:6      | Learned a level 3 spell: Gell's Gravitas
  9786 | D:6      | Killed Duvessa
 10493 | D:6      | Found a basalt altar of Yredelemnul.
 10559 | D:6      | Reached skill level 8 in Fighting
 11032 | D:7      | HP: 9/70 [orc warrior/+0 glaive (8)]
 11337 | D:7      | Reached skill level 7 in Spellcasting
 11929 | D:7      | Found Cupsour's Armour Shop.
 12240 | D:7      | Reached **** piety under Cheibriados
 12348 | D:7      | Found Quininae's Fire Supplies.
 12719 | D:8      | Reached skill level 9 in Fighting
 12719 | D:8      | Reached XP level 10. HP: 62/78 MP: 0/0
 12812 | D:8      | Found a broken altar of Ashenzari.
 12946 | D:8      | Found a bloodstained altar of Trog.
 12946 | D:8      | Found a white marble altar of Elyvilon.
 12947 | D:8      | Found a snail-covered altar of Cheibriados.
 13058 | D:8      | Noticed Maurice
 13065 | D:8      | HP: 17/78 [something/iceblast (9)]
 13434 | D:8      | HP: 18/78 [acid dragon/splash of acid (24)]
 13435 | D:8      | Gained mutation: You passively dampen the noise of your
                  | surroundings. [potion of mutation]
 13435 | D:8      | Gained mutation: Your muscles are strong. (Str +2) [potion
                  | of mutation]
 13435 | D:8      | Gained mutation: Your spells are a little harder to cast,
                  | but a little more powerful. [potion of mutation]
 13435 | D:8      | Gained mutation: You are partially covered in iridescent
                  | scales. (AC +2) [potion of mutation]
 13436 | D:8      | HP: 2/78 [acid dragon (11)]
 13786 | D:8      | HP: 13/78 [/a scroll of torment (11)]
 13790 | D:8      | Killed Maurice
 13791 | D:8      | Reached skill level 8 in Spellcasting
 14411 | D:8      | Noticed a death yak
 14596 | D:8      | Killed a death yak
 14597 | D:8      | Reached skill level 10 in Fighting
 15275 | D:9      | Lost mutation: Your spells are a little harder to cast, but
                  | a little more powerful. [potion of mutation]
 15275 | D:9      | Lost mutation: You passively dampen the noise of your
                  | surroundings. [potion of mutation]
 15275 | D:9      | Gained mutation: You have sharp fingernails. [potion of
                  | mutation]
 15275 | D:9      | Lost mutation: Your muscles are strong. (Str +2) [potion of
                  | mutation]
 15275 | D:9      | Gained mutation: You are weak. (Str -2) [potion of
                  | mutation]
 15275 | D:9      | Gained mutation: You expend health (3 HP) to strengthen
                  | your wands. [potion of mutation]
 15613 | D:9      | Found a staircase to the Orcish Mines.
 16404 | D:10     | Entered Level 10 of the Dungeon
 16404 | D:10     | Noticed Lodul
 16404 | D:10     | Noticed a two-headed ogre
 16404 | D:10     | Noticed a two-headed ogre
 16405 | D:10     | Noticed a two-headed ogre
 16406 | D:10     | Noticed a two-headed ogre
 16407 | D:10     | Noticed a two-headed ogre
 16408 | D:10     | Killed a two-headed ogre
 16408 | D:10     | Killed Lodul
 16409 | D:10     | Reached skill level 11 in Fighting
 16409 | D:10     | Reached skill level 9 in Spellcasting
 16409 | D:10     | Reached XP level 11. HP: 39/87 MP: 0/0
 16409 | D:10     | Learned a level 5 spell: Iskenderun's Battlesphere
 16411 | D:10     | Killed a two-headed ogre
 16411 | D:10     | Killed a two-headed ogre
 16411 | D:10     | Killed a two-headed ogre
 16412 | D:10     | Reached skill level 12 in Fighting
 16413 | D:10     | Killed a two-headed ogre
 16414 | D:10     | Reached skill level 10 in Spellcasting
 16650 | D:10     | HP: 20/89 [troll (14)]
 17010 | D:10     | Noticed a two-headed ogre
 17019 | D:10     | Killed a two-headed ogre
 17031 | D:10     | Reached ***** piety under Cheibriados
 17035 | D:10     | HP: 3/90 [yak (10)]
 17037 | D:10     | Reached XP level 12. HP: 3/96 MP: 0/0
 17881 | D:11     | Noticed a boulder beetle
 17895 | D:11     | Killed a boulder beetle
 17896 | D:11     | Reached skill level 13 in Fighting
 18643 | D:11     | Noticed a boulder beetle
 18651 | D:11     | HP: 22/98 [boulder beetle (4)]
 18654 | D:11     | Killed a boulder beetle
 18655 | D:11     | Reached skill level 11 in Spellcasting
 19034 | D:11     | Noticed a two-headed ogre
 19049 | D:11     | Killed a two-headed ogre
 19090 | D:12     | HP: 9/99 [centaur (3)]
 19461 | D:12     | HP: 12/99 [white ugly thing (16)]
 19462 | D:12     | HP: 1/99 [white ugly thing (10)]
 19462 | D:12     | Annihilated by a white ugly thing

Vanquished Creatures
  2 boulder beetles (D:11)
  7 two-headed ogres
  A death yak (D:8)
  Lodul (D:10)
  An ugly thing (D:11)
  Maurice (D:8)
  A kobold demonologist (D:10)
  3 trolls (D:10)
  2 hornets (D:9)
  2 wraiths
  2 wyverns
  23 yaks
  A steam dragon (D:8)
  A basilisk (D:11)
  An acid dragon (D:10)
  3 water moccasins
  Duvessa (D:6)
  An orc warrior (D:7)
  2 ice beasts
  2 ogres (D:10)
  3 black bears
  2 centaurs
  4 phantoms
  A kobold brigand (D:8)
  3 bullfrogs
  2 necrophages
  8 scorpions
  Dowan (D:6)
  3 killer bees (D:9)
  A howler monkey (D:8)
  2 electric eels
  2 jellies (D:6)
  2 gnoll shamans (D:6)
  Crazy Yiuf (D:5)
  2 orc priests
  6 iguanas
  7 orc wizards
  A mummy (D:6)
  15 adders
  10 gnolls (D:6)
  3 shadow imps
  A white imp (D:7)
  2 ufetubi
  2 worms (D:2)
  5 dart slugs
  30 orcs
  7 endoplasms
  2 giant cockroaches
  7 goblins
  3 hobgoblins
  2 jackals (D:2)
  18 kobolds
  5 quokkas
  17 ball pythons
  6 bats
  7 frilled lizards
  7 rats
258 creatures vanquished.

Vanquished Creatures (others)
  A fungus (D:11)
1 creature vanquished.

Grand Total: 259 creatures vanquished

Table legend:
 A = Non-vault XP
 B = Vault XP
 C = Vault XP percentage of total XP
 D = Non-vault monster count
 E = Vault monster count
 F = Vault count percentage of total count
                 A         B        C        D         E       F
            +---------+---------+-------+---------+---------+-------
      Total |   15624 |    7850 |  33.4 |     202 |      57 |  22.0
            +---------+---------+-------+---------+---------+-------
        D:1 |      19 |      10 |  34.5 |      13 |       5 |  27.8
        D:2 |      42 |      97 |  69.8 |      18 |      17 |  48.6
        D:3 |      70 |      13 |  15.7 |      21 |       5 |  19.2
        D:4 |     303 |     218 |  41.8 |      22 |      10 |  31.2
        D:5 |     629 |      42 |   6.3 |      14 |       1 |   6.7
        D:6 |    1045 |     232 |  18.2 |      31 |       3 |   8.8
        D:7 |     859 |       0 |   0.0 |      20 |       0 |   0.0
        D:8 |     973 |    1584 |  61.9 |      18 |       5 |  21.7
        D:9 |    1366 |       0 |   0.0 |       9 |       0 |   0.0
       D:10 |    3426 |    5107 |  59.8 |      12 |       8 |  40.0
       D:11 |    6784 |     547 |   7.5 |      23 |       3 |  11.5
       D:12 |     108 |       0 |   0.0 |       1 |       0 |   0.0
            +---------+---------+-------+---------+---------+-------

Illustrated notes

Table legend:
 A = Kills in this place as a percentage of kills in entire the game.
 B = Kills by you in this place as a percentage of kills by you in the entire game.
 C = Kills by friends in this place as a percentage of kills by friends in the entire game.
 D = Other kills in this place as a percentage of other kills in the entire game.
 E = Experience gained in this place as a percentage of experience gained in the entire game.
 F = Experience gained in this place divided by the number of levels of this place that you have seen.
                   A       B       C       D       E      F
               +-------+-------+-------+-------+-------+----------------------
         Total | 100.0 | 100.0 |   N/A | 100.0 | 100.0 | 1956.2
       Dungeon | 100.0 | 100.0 |   N/A | 100.0 | 100.0 | 1956.2
               +-------+-------+-------+-------+-------+----------------------

Table legend: (Time is in decaauts)
 A = Elapsed time spent in this place.
 B = Non-inter-level travel time spent in this place.
 C = Inter-level travel time spent in this place.
 D = Time resting spent in this place.
 E = Time spent auto-exploring this place.
 F = Levels seen in this place.
 G = Mean time per level.
                   A        B        C        D        E       F      G
               +--------+--------+--------+--------+--------+-----+--------+
         Total |  22651 |  21968 |    683 |   6237 |  13888 |  12 | 1887.6 |
       Dungeon |  22651 |  21968 |    683 |   6237 |  13888 |  12 | 1887.6 |
               +--------+--------+--------+--------+--------+-----+--------+

Top non-repeatable levels by time:
     D:6: 2593 daAuts
     D:9: 2559 daAuts
     D:7: 2458 daAuts
     D:2: 2285 daAuts
     D:3: 2059 daAuts
     D:8: 1990 daAuts
     D:5: 1876 daAuts
     D:4: 1786 daAuts
     D:1: 1712 daAuts
    D:10: 1658 daAuts
    D:11: 1263 daAuts
    D:12: 408 daAuts
